 Dungeon Crawl Stone Soup version 0.24-a0-631-g346d576 (console) character file.

Game seed: 14281579405388425962, levelgen mode: deterministic

840 vegansnacktivist the Magician (level 8, -19/46 HPs)
             Began as an Octopode Earth Elementalist on Sept 21, 2019.
             Demolished by a two-headed ogre
             ... wielding a +0 giant club
              (24 damage)
             ... on level 3 of the Dungeon.
             The game lasted 00:10:57 (5512 turns).

vegansnacktivist the Magician (OpEE)                Turns: 5512, Time: 00:10:59

Health: -19/46     AC:  1    Str:  7    XL:     8   Next: 0%
Magic:  7/17       EV: 13    Int: 20    God:
Gold:   154        SH:  0    Dex: 12    Spells: 1/19 levels left

rFire    . . .     SeeInvis .   d - +2 short sword (venom)
rCold    . . .     Gourm    .   (no shield)
rNeg     + . .     Faith    .   (helmet restricted)
rPois    .         Spirit   .   (no amulet)
rElec    .         Reflect  .   o - ring of positive energy
rCorr    .         Harm     .   (no ring)
MR       .....                  (no ring)
Stlth    ++++......             (no ring)
HPRegen  0.15/turn              (no ring)
MPRegen  0.15/turn              (no ring)
                                (no ring)
                                (no ring)

@: no status effects
A: almost no armour, stealthy swim, amphibious, 8 rings, constrict 8, camouflage
1, gelatinous body 1
a: no special abilities


You were on level 3 of the Dungeon.
You were very hungry.

You visited 1 branch of the dungeon, and saw 4 of its levels.
You also visited: Sewer.

You collected 154 gold pieces.

Inventory:

Hand Weapons
 d - a +2 short sword of venom (weapon)
Missiles
 a - 12 silver javelins
 b - 15 stones (quivered)
Armour
 l - a +0 buckler
Jewellery
 o - a ring of positive energy (left tentacle)
Wands
 n - a wand of disintegration (16)
Scrolls
 e - 2 scrolls of teleportation
 g - a scroll of fog {unknown}
 i - a scroll of blinking
 j - a scroll of immolation {unknown}
 m - a scroll of enchant armour {unknown}
 r - 2 scrolls of identify
 s - a scroll of noise {unknown}
Potions
 f - 4 potions of flight
 h - 3 potions of agility
 k - a potion of berserk rage
 q - 2 potions of haste {unknown}
 t - a potion of brilliance {unknown}
Comestibles
 c - 5 rations


   Skills:
 - Level 2.0 Dodging
 + Level 4.7 Stealth
 - Level 6.4 Spellcasting
 - Level 1.0 Transmutations
 - Level 5.6 Earth Magic


You had one spell level left.
You knew the following spells:

 Your Spells              Type           Power        Failure   Level  Hunger
a - Sandblast             Erth           ####..       1%          1    None
b - Passwall              Tmut/Erth      ###.....     3%          2    None
c - Stone Arrow           Conj/Erth      ###...       10%         3    ##.....
d - Petrify               Tmut/Erth      ###.....     26%         4    ####...
e - Lee's Rapid Deconstr  Erth           ####......   28%         5    #####..
f - Confuse               Hex            #.......     30%         3    ##.....

Your spell library contained the following spells:

 Spells                   Type           Power        Failure   Level  Hunger
 Confusing Touch          Hex            #.....       10%         1    None
 Gell's Gravitas          Tloc           #.........   30%         3    ##.....
 Yara's Violent Unravell  Hex/Tmut       #.........   92%         5    #####..
 Metabolic Englaciation   Hex/Ice        #.........   95%         5    #####..


Dungeon Overview and Level Annotations

Branches:
Dungeon (4/15)              Sewer (visited)
 Temple: D:4-7

Altars:
Dithmenos
Fedhas
Hepliaklqana
Kikubaaqudgha
Uskayaw
Xom
Zin
The Shining One

Annotations:
D:4 2 transporters, Chudwraith's ghost, amateur DsWn


Innate Abilities, Weirdness & Mutations

You cannot wear most types of armour.
You are very stealthy in the water. (Stealth+)
You are amphibious.
You can wear up to eight rings at the same time.
You can use your tentacles to constrict eight enemies at once.
Your skin changes colour to match your surroundings (Stealth+).
Your rubbery body absorbs attacks. (AC +1, EV +1)


Message History

Aiming: Petrify (quite dangerous; 26% risk of failure)
Press: ? - help, Shift-Dir - straight line, f/p - two-headed ogre
Aim: a two-headed ogre, wielding two +0 giant clubs (chance to defeat MR: 32%)
The two-headed ogre easily resists.
There is a stone staircase leading up here.
There is an open door here.
Okay, then.
There is a stone staircase leading down here.
Casting: Petrify (quite dangerous; 26% risk of failure)
Confirm with . or Enter, or press ? or * to list all spells.
Aiming: Passwall (safe; 3% risk of failure)
Press: ? - help, Dir - move target cursor, p - two-headed ogre A rock wall.
The two-headed ogre barely misses you.
The two-headed ogre hits you with a +0 giant club!
* * * LOW HITPOINT WARNING * * *
You begin to meditate on the wall.
You continue meditating on the rock.
The two-headed ogre hits you with a +0 giant club!!
Ouch! That really hurt!
You die...

.##.#..######...## #.#
......## ##'## #.#
###.### #.# #.#
#.##########.# #.#
#.........##.## #.#
#>#######.#...## #.# #.#
#......# #.#
##.#######.#...########.#
#...#.........O@##....#.#
#..........##.#.##.##...#
#...#...#####.###...#####
######### #.##.....#*
#.#...O...# #.#..._...#
###>#.......# ########
#...##.....###########
.......# #.#.###...##
#.......#


You could see a two-headed ogre.

Vanquished Creatures
  Sigmund (D:4)
  3 ogres
  An orc priest (D:3)
  A centaur skeleton (D:4)
  Natasha (D:4)
  2 worker ants (D:4)
  A hound skeleton (D:4)
  6 adders
  8 gnolls (D:4)
  A river rat (D:3)
  4 oozes (Sewer)
  5 worms (Sewer)
  8 leopard geckos
  5 orcs (D:3)
  9 giant cockroaches
  6 goblins
  10 hobgoblins
  6 jackals
  6 kobolds
  4 quokkas
  2 ball pythons (Sewer)
  19 bats
  5 frilled lizards
  A leopard gecko skeleton (D:4)
  5 rats
120 creatures vanquished.

Notes
Turn   | Place    | Note
-------+----------+-------------------------------------------
     0 | D:1      | vegansnacktivist the Octopode Earth Elementalist began the
                  | quest for the Orb.
     0 | D:1      | Reached XP level 1. HP: 11/11 MP: 3/3
   419 | D:1      | Reached XP level 2. HP: 14/17 MP: 0/5
   577 | D:1      | You fall into a shaft and drop 1 floor!
   594 | D:2      | Found a hide-covered altar of Uskayaw.
   656 | D:1      | Reached XP level 3. HP: 18/21 MP: 4/6
  1053 | D:2      | Found a shadowy altar of Dithmenos.
  1074 | D:2      | Reached XP level 4. HP: 27/27 MP: 0/7
  1463 | D:2      | Found a blossoming altar of Fedhas.
  1468 | D:2      | Reached skill level 5 in Earth Magic
  1517 | D:2      | Found a glowing golden altar of the Shining One.
  1747 | D:3      | Reached XP level 5. HP: 20/31 MP: 1/8
  1973 | D:3      | Learned a level 2 spell: Passwall
  1977 | D:3      | Learned a level 3 spell: Stone Arrow
  1998 | D:3      | Found a glowing drain.
  2045 | Sewer    | Entered a sewer
  3011 | D:3      | Noticed a two-headed ogre
  3046 | D:3      | Found a hazy altar of Hepliaklqana.
  3247 | D:3      | Noticed an ogre
  3257 | D:3      | Killed an ogre
  3257 | D:3      | Reached skill level 3 in Spellcasting
  3257 | D:3      | Reached XP level 6. HP: 14/36 MP: 5/10
  3466 | D:3      | Learned a level 4 spell: Petrify
  3726 | D:3      | Found an ancient bone altar of Kikubaaqudgha.
  3771 | D:4      | Reached skill level 4 in Spellcasting
  4236 | D:4      | Reached XP level 7. HP: 31/41 MP: 13/13
  4364 | D:4      | Learned a level 5 spell: Lee's Rapid Deconstruction
  4473 | D:4      | Noticed Chudwraith's ghost (amateur DsWn)
  4477 | D:4      | Found a transporter.
  4486 | D:4      | Found a transporter.
  4635 | D:4      | Reached skill level 5 in Spellcasting
  4849 | D:4      | Found a shimmering altar of Xom.
  4852 | D:4      | Noticed an angel
  4855 | D:4      | Found a glowing silver altar of Zin.
  4885 | D:4      | Noticed Natasha
  4891 | D:4      | Killed Natasha
  5280 | D:4      | Noticed Sigmund
  5284 | D:4      | Killed Sigmund
  5284 | D:4      | Reached skill level 6 in Spellcasting
  5284 | D:4      | Reached XP level 8. HP: 25/46 MP: 9/17
  5296 | D:4      | Learned a level 3 spell: Confuse
  5512 | D:3      | Demolished by a two-headed ogre

Levels and vault maps discovered:
D:1:      evilmike_arrival_fibonacci_small, layout_basic, minmay_octomino_j4
D:2:      layout_basic, nicolae_overflow_hidden_temple,
          eat_drink_and_be_merry_uskayaw, lemuel_round_altar,
          lemuel_doored_altar, kennysheep_generic_room_2
D:3:      layout_loops_corners, overflow_temple_1_default, lemuel_round_altar,
          gup_sewer_entry_bowl, first_ration
D:4:      layout_loops_ring, grunt_temple_overflow_order_and_chaos_1,
          gammafunk_ghost_mausoleum, uniq_natasha, uniq_sigmund

Skill      XL: |  1  2  3  4  5  6  7 |
---------------+----------------------+-----
Earth Magic    | 4 5 |  5.6
Stealth        | 4 |  4.7
Spellcasting   | 3 4 6 |  6.4
Dodging        | |  2.0
Transmutations | |  1.0

Action                   |  1- 3 |  4- 6 |  7- 9 || total
-------------------------+-------+-------+-------++-------
Melee: Unarmed           |    15 |     8 |       ||    23
       Constrict         |     7 |    33 |     6 ||    46
       Tentacles         |     4 |    17 |     7 ||    28
       Short sword       |       |   105 |    31 ||   136
 Cast: Sandblast         |    42 |    34 |     3 ||    79
       Stone Arrow       |       |     3 |     6 ||     9
       Passwall          |       |     1 |     1 ||     2
       Petrify           |       |       |     5 ||     5
  Use: Scroll            |       |     9 |       ||     9
       Potion            |       |     1 |       ||     1
 Stab: Sleeping          |     1 |    11 |     7 ||    19
       Distracted        |       |     1 |       ||     1
       Petrified         |       |       |     4 ||     4
  Eat: Chunk             |     1 |     7 |     4 ||    12
       Ration            |       |     1 |       ||     1
Armor: Skin              |     1 |    15 |     2 ||    18
Dodge: Dodged            |    19 |    98 |    14 ||   131

Table legend:
 A = Non-vault XP
 B = Vault XP
 C = Vault XP percentage of total XP
 D = Non-vault monster count
 E = Vault monster count
 F = Vault count percentage of total count
                 A         B        C        D         E       F
            +---------+---------+-------+---------+---------+-------
      Total |     822 |     378 |  31.5 |      81 |      39 |  32.5
            +---------+---------+-------+---------+---------+-------
        D:1 |      34 |       5 |  12.8 |      19 |       3 |  13.6
        D:2 |      69 |       5 |   6.8 |      20 |       3 |  13.0
        D:3 |     217 |      19 |   8.1 |      19 |       3 |  13.6
        D:4 |     502 |     262 |  34.3 |      23 |       2 |   8.0
      Sewer |       0 |      87 | 100.0 |       0 |      28 | 100.0
            +---------+---------+-------+---------+---------+-------
